 Dungeon Crawl Stone Soup version 0.21-a0-41-g5e91fef (webtiles) character file.

110 Kidiri the Magician (level 4, -1/24 HPs)
             Began as a Deep Elf Fire Elementalist on June 4, 2017.
             Killed from afar by tilp's ghost (7 damage)
             ... with a puff of flame
             ... on level 3 of the Dungeon.
             The game lasted 00:10:44 (2457 turns).

Kidiri the Magician (Deep Elf Fire Elementalist)    Turns: 2457, Time: 00:10:46

Health: -1/24      AC:  4    Str:  5    XL:     4   Next: 61%
Magic:  8/12       EV: 13    Int: 21    God:
Gold:   98         SH:  0    Dex: 15    Spells: 3/12 levels left

rFire    . . .     SeeInvis +   l - +3 dagger
rCold    . . .     Gourm    .   (no shield)
rNeg     . . .     Faith    .   a - +0 robe
rPois    .         Spirit   .   g - +1 helmet {SInv}
rElec    .         Reflect  .   (no cloak)
rCorr    .         Harm     .   (no gloves)
MR       .....                  (no boots)
Stlth    ++........             (no amulet)
Regen    0.1/turn               (no ring)
MPRegen  0.2/turn               (no ring)

@: hasted, very quick
A: no striking features
a: no special abilities


You were on level 3 of the Dungeon.
You were not hungry.

You visited 1 branch of the dungeon, and saw 3 of its levels.

You collected 98 gold pieces.

Inventory:

Hand Weapons
 l - a +3 dagger (weapon)
Armour
 a - a +0 robe (worn)
 g - a +1 helmet of see invisible (worn)
Scrolls
 m - 2 scrolls of remove curse
Potions
 d - 2 potions of curing
 e - a potion of heal wounds {unknown}
 h - a potion of agility
 i - a potion of invisibility
Books
 b - a book of Flames

   Spells                             Type                      Level
   a - Flame Tongue                   Conjuration/Fire             1
   b - Throw Flame                    Conjuration/Fire             2
   c - Conjure Flame                  Conjuration/Fire             3
   d - Inner Flame                    Hexes/Fire                   3
   e - Sticky Flame                   Conjuration/Fire             4
   f - Fireball                       Conjuration/Fire             5
Comestibles
 c - 6 chunks of flesh
 o - a meat ration


   Skills:
 - Level 2.4 Dodging
 - Level 2.4 Stealth
 * Level 4.9 Spellcasting
 + Level 2.7 Conjurations
 + Level 4.1 Fire Magic


You had 3 spell levels left.
You knew the following spells:

 Your Spells              Type           Power        Failure   Level  Hunger
a - Flame Tongue          Conj/Fire      ###..        2%          1    None
b - Throw Flame           Conj/Fire      ###...       4%          2    None
c - Conjure Flame         Conj/Fire      ###.....     8%          3    ##.....
d - Inner Flame           Hex/Fire       ##......     14%         3    ##.....


Dungeon Overview and Level Annotations

Branches:
Dungeon (3/15)

Altars:

Annotations:
D:3 tilp's ghost, amateur DrFE


Message History

Press: ? - help, Dir - move target cursor, f - you, p - tilp's ghost
Okay, then.
Unknown command.
The goblin shoots a stone.
The stone completely misses you.
You see here a stone.
The goblin shoots a stone.
The stone barely misses you. Tilp's ghost casts a spell at you.
The puff of flame hits you!
Okay, then.
Unknown command.
Unknown command.
Unknown command.
You feel yourself speed up. Tilp's ghost barely misses you.
Tilp's ghost casts a spell at you. The puff of flame hits you!
* * * LOW HITPOINT WARNING * * *
Unknown command.
Tilp's ghost casts a spell at you. The puff of flame hits you!
You die...

##(.....##.......(#
#.##.#.##>###.####
...#.##.#...# ....
#.##.#.#W# #####
#.##.#...#
#.##.##.##
#.##.##.# #.##.##.#
#....##@# #.##.##.#
#.##.##.# #.##.##.#
#.......##
#.##.<...#
#.##..###.# #.....#
......#


You could see tilp's ghost.

Vanquished Creatures
  Terence (D:2)
  4 adders
  An ooze (D:3)
  2 worms
  A leopard gecko (D:1)
  2 giant cockroaches
  4 goblins
  2 hobgoblins
  3 ball pythons
  8 bats
  A frilled lizard (D:2)
  9 kobolds
  6 rats
44 creatures vanquished.

Notes
Turn   | Place    | Note
-------+----------+-------------------------------------------
     0 | D:1      | Kidiri the Deep Elf Fire Elementalist began the quest for the Orb.
     0 | D:1      | Reached XP level 1. HP: 10/10 MP: 6/6
   195 | D:1      | Reached XP level 2. HP: 15/15 MP: 4/8
   199 | D:1      | Learned a level 2 spell: Throw Flame
   926 | D:2      | Reached XP level 3. HP: 19/19 MP: 6/10
   931 | D:2      | Learned a level 3 spell: Conjure Flame
   935 | D:2      | Learned a level 3 spell: Inner Flame
   940 | D:2      | Noticed Terence
  2185 | D:2      | Reached XP level 4. HP: 24/24 MP: 4/12
  2335 | D:2      | Killed Terence
  2439 | D:3      | Noticed tilp's ghost (amateur DrFE)
  2457 | D:3      | Killed from afar by tilp's ghost

Vault maps used:
D:1:      lightli_iron_boxes, minmay_split_cup_small
D:2:      uniq_terence
D:3:      grunt_dithmenos_smoke_and_mirrors, lightli_sewer_entry_pipes,
          cheibriados_altar_1

Skill      XL: |  1  2  3 |
---------------+----------+-----
Conjurations   | 2 |  2.7
Spellcasting   | 4 |  4.9
Fire Magic     | 4 |  4.1
Dodging        | |  2.4
Stealth        | |  2.4

Action                   |  1- 3 |  4- 6 || total
-------------------------+-------+-------++-------
Melee: Dagger            |    10 |       ||    10
Throw: Throwing net      |     1 |       ||     1
 Cast: Flame Tongue      |    70 |    25 ||    95
       Throw Flame       |     9 |     1 ||    10
       Conjure Flame     |     5 |     1 ||     6
  Use: Scroll            |    10 |       ||    10
       Potion            |       |     3 ||     3
 Stab: Sleeping          |     1 |       ||     1
  Eat: Chunk             |     3 |       ||     3
       Bread ration      |     1 |       ||     1
Armor: Robe              |     8 |     1 ||     9
Dodge: Dodged            |    19 |     7 ||    26
